 Dungeon Crawl Stone Soup version 0.29.1-2-gbd0b4ee654 (webtiles) character file.

Game seed: 11056197542581399404

71 kingsuperguy the Cudgeller (level 4, 0/44 HPs)
             Began as a Troll Monk on Nov 15, 2022.
             Slain by Ijyb
             ... wielding a +8 club
              (14 damage)
             ... on level 3 of the Dungeon.
             The game lasted 00:04:26 (1596 turns).

kingsuperguy the Cudgeller (Troll Monk)             Turns: 1596, Time: 00:04:26

Health: 0/44       AC:  4    Str: 21    XL:     4   Next: 5%
Magic:  3/3        EV: 10    Int:  6    God:
Gold:   108        SH:  0    Dex: 12    Spells: 3/3 levels left

rFire   . . .      SeeInvis .   a - +0 mace
rCold   . . .      Faith    .   (no shield)
rNeg    . . .      Spirit   .   b - +0 robe
rPois   .          Reflect  .   (helmet restricted)
rElec   .          Harm     .   (no cloak)
rCorr   .          Rampage  .   (gloves unavailable)
Will    .....                   (boots unavailable)
Stlth   ++........              (no amulet)
HPRegen 0.94/turn               (no ring)
MPRegen 0.08/turn               (no ring)

@: no status effects
A: large, unfitting armour, claws 3, regeneration 1, shaggy fur 1, tough skin 1
a: no special abilities


You were on level 3 of the Dungeon.
You visited 1 branch of the dungeon, and saw 3 of its levels.

You collected 108 gold pieces.

Inventory:

Hand Weapons
 a - a +0 mace (weapon)
Missiles
 d - 25 stones (quivered)
 h - 2 javelins
Armour
 b - a +0 robe (worn)
Magical Staves
 k - a staff of fire
Jewellery
 n - an amulet of reflection
Scrolls
 g - a scroll of fear {unknown}
 i - 2 scrolls of blinking {unknown}
 o - 2 scrolls of identify {unknown}
Potions
 c - a potion of ambrosia
 e - a potion of degeneration {unknown}
 f - 3 potions of curing {unknown}
 m - a potion of haste {unknown}
 p - a potion of invisibility {unknown}
 q - a potion of flight {unknown}


   Skills:
 + Level 2.9 Fighting
 + Level 3.7 Maces & Flails
 + Level 2.8 Dodging
 + Level 1.2 Stealth


You had 3 spell levels left.
You didn't know any spells.
Your spell library contained the following spells:

 Spells                   Type           Power      Damage    Failure   Level
 Sublimation of Blood     Necr           0%         N/A       58%         2
 Anguish                  Hex/Necr       0%         N/A       99%         4
 Petrify                  Tmut/Erth      0%         N/A       99%         4
 Irradiate                Conj/Tmut      0%         3d11      100%        5
 Enfeeble                 Hex            0%         N/A       100%        7


Dungeon Overview and Level Annotations

Branches:
Dungeon (3/15)

Altars:

Annotations:
D:3 1 runed translucent door, Ijyb; lokiplouj's ghost, weakling FeAE


Innate Abilities, Weirdness & Mutations

You are too large for most types of armour.
You have claws for hands.
Your natural rate of healing is unusually fast.
You are covered in fur. (AC +1)
You have tough skin. (AC +1)


Message History

o - 2 scrolls labelled HOKHLA UWIVVED (gained 1)
d - 26 stones (gained 4)
A quokka comes into view.
Found a fizzy emerald potion.
A quokka is nearby!
The quokka bites you but does no damage.
You hit the quokka but do no damage. The quokka closely misses you.
The quokka misses you.
You hit the quokka.
You kill the quokka!
Ijyb the Twisted Goblin comes into view.
She is wielding a +8 club and carrying a wand of flame (15).
Ijyb zaps a wand.
The puff of flame hits you!
Ijyb zaps a wand.
The puff of flame hits you.
Throw: 5 javelins
Press: ? - help, Q - select action, (/) - cycle Shift-Dir - straight line, f - Ijyb
Aim: Ijyb, wielding a +8 club, wearing a +0 leather armour and carrying a wand of flame (13) (50% to hit)
You throw a javelin. The javelin barely misses Ijyb.
Throw: 26 stones
Press: ? - help, Q - select action, (/) - cycle Shift-Dir - straight line, f/p - Ijyb
Aim: Ijyb, wielding a +8 club, wearing a +0 leather armour and carrying a wand of flame (13) (50% to hit)
You throw a stone. The stone hits Ijyb but does no damage.
Ijyb zaps a wand.
The puff of flame hits you!
Throw: 4 javelins
Press: ? - help, Q - select action, (/) - cycle Shift-Dir - straight line, f/p - Ijyb
Aim: Ijyb, wielding a +8 club, wearing a +0 leather armour and carrying a wand of flame (12) (50% to hit)
You throw a javelin. The javelin closely misses Ijyb.
Throw: 3 javelins
Press: ? - help, Q - select action, (/) - cycle Shift-Dir - straight line, f/p - Ijyb
Aim: Ijyb, wielding a +8 club, wearing a +0 leather armour and carrying a wand of flame (12) (50% to hit)
You throw a javelin. The javelin pierces through Ijyb.
Ijyb is moderately wounded.
Ijyb zaps a wand.
The puff of flame hits you!
Ijyb zaps a wand.
The puff of flame hits you!
* * * LOW HITPOINT WARNING * * *
As you read the scroll labelled GUMAFRAXZI, it crumbles to dust.
The scroll dissolves into smoke.
It was a scroll of fog.
As you read the scroll labelled ICKESHR CAWKICA, it crumbles to dust.
It is a scroll of amnesia.
You feel forgetful for a moment. Ijyb hits you with a +8 club!
You die...

..... #..(.(.....
..... #..........#
..... #..........#
....# ..........#
....# #........#
..... ##.§.§....##
...### #.§§§§§....# #
#. #§§§g§.....#
#.#####§§§@§.....#
#....##§§§§§.....#
#####.##.§§§.......
###..................
#...###..............
#.### ###.####.###...
#.## #.# ..! ..#
##..# ..# ###....
###...#####... .


You could see Ijyb.

Vanquished Creatures
  An adder (D:2)
  2 worms (D:2)
  2 dart slugs (D:1)
  An orc (D:2)
  4 ball pythons
  3 endoplasms (D:1)
  3 giant cockroaches
  2 goblins
  5 hobgoblins
  6 jackals (D:2)
  3 quokkas
  A bat (D:1)
  5 frilled lizards
  5 kobolds
  6 rats
49 creatures vanquished.

Notes
Turn   | Place    | Note
-------+----------+-------------------------------------------
     0 | D:1      | kingsuperguy the Troll Monk began the quest for the Orb.
     0 | D:1      | Reached XP level 1. HP: 22/22 MP: 0/0
   215 | D:1      | Reached XP level 2. HP: 29/29 MP: 1/1
   219 | D:1      | Found a faded altar of an unknown god.
   265 | D:1      | Reached skill level 3 in Maces & Flails
   758 | D:2      | Reached XP level 3. HP: 36/36 MP: 2/2
  1452 | D:3      | Reached XP level 4. HP: 44/44 MP: 3/3
  1521 | D:3      | Found a runed translucent door.
  1526 | D:3      | Noticed lokiplouj's ghost (weakling FeAE)
  1526 | D:3      | Noticed a bullfrog
  1586 | D:3      | Noticed Ijyb
  1596 | D:3      | Slain by Ijyb

Illustrated notes

Levels and vault maps discovered:
D:1:      ncdulo_smallfort, layout_basic, chequers_ecumenical_altar_island,
          chequers_jeans
D:2:      layout_loops_cross, kennysheep_generic_room_10
D:3:      layout_rooms, led_sif_pool, serial_shops, shop, ebering_ghost_sewer_f,
          uniq_terence, uniq_robin, uniq_ijyb

Skill      XL: |  1  2 |
---------------+-------+-----
Maces & Flails | 3 |  3.7
Fighting       | |  2.9
Dodging        | |  2.8
Stealth        | |  1.2

Action                   |  1- 3 |  4- 6 || total
-------------------------+-------+-------++-------
Melee: Mace              |   142 |     7 ||   149
Throw: Javelin           |       |     3 ||     3
       Stone             |       |     1 ||     1
  Use: Scroll            |       |     2 ||     2
 Stab: Sleeping          |     1 |       ||     1
Armor: Robe              |    42 |     4 ||    46
Dodge: Dodged            |    85 |     5 ||    90
